 Dungeon Crawl Stone Soup version 0.17.2-1-ge4368a0 (webtiles) character file.

11802 ololoev the Cleaver (level 11, 0/97 HPs)
             Began as a Demonspawn Fighter on Oct 25, 2016.
             Was a High Priest of Makhleb.
             Slain by a sixfirhy (6 damage)
             ... summoned by an orc high priest
             ... on level 4 of the Orcish Mines on Oct 26, 2016.
             The game lasted 00:32:27 (4858 turns).

ololoev the Cleaver (Demonspawn Fighter)            Turns: 4858, Time: 00:32:28

Health: 0/97       AC: 15    Str: 20    XL:     11   Next: 54%
Magic:  0/24       EV:  8    Int: 10    God:    Makhleb [*****.]
Gold:   1245       SH:  0    Dex: 12    Spells: 2 memorised, 6 levels left

rFire  . . .     SeeInvis .     a - +1 war axe (chop)
rCold  . . .     Clarity  .     i - +0 plate armour
rNeg   . . .     SustAt   .     (no shield)
rPois  .         Gourm    .     (helmet restricted)
rElec  .         Spirit   +     (no cloak)
rCorr  .         Warding  .     (no gloves)
rMut   .         Stasis   .     y - +0 pair of boots
MR     .....                    (no amulet)
Stlth  ..........               t - ring of magical power
                                g - +4 ring of slaying

@: very slightly contaminated, hasted, very quick, not resistant to hostile
enchantments, extremely unstealthy
A: horns 2, powered by death 2, robust 1, magic shield, magic regeneration
a: Minor Destruction, Lesser Servant of Makhleb, Major Destruction, Greater
Servant of Makhleb, Renounce Religion


Innate Abilities, Weirdness & Mutations

You have a pair of horns on your head.
You regenerate health from kills.
When hurt, damage is shared between your health and your magic reserves.
You regenerate magic rapidly.
You are robust (+10% HP).

Inventory:

Hand Weapons
 a - a +1 war axe of chopping (weapon)
Armour
 i - a +0 plate armour (worn)
 w - a troll hide
 y - a +0 pair of boots (worn)
Jewellery
 g - a +4 ring of slaying (left hand)
 t - a ring of magical power (right hand)
 B - the ring "Ludyfo" {rC+ Int+3 Stlth+}
   (You found it on level 10 of the Dungeon)

   [ring of protection from cold]

   It affects your intelligence (+3).
   It protects you from cold.
   It makes you more stealthy.
 H - an uncursed ring of poison resistance
Wands
 f - a wand of fire (7)
 o - a wand of paralysis (5)
 C - a wand of heal wounds (1)
Scrolls
 b - 2 scrolls of fog
 d - 3 scrolls of remove curse
 h - 5 scrolls of fear
 k - 4 scrolls of amnesia {unknown}
 m - a scroll of recharging {unknown}
 n - 5 scrolls of teleportation
 v - a scroll of random uselessness {unknown}
 x - a scroll of torment {unknown}
Potions
 c - 4 potions of brilliance {unknown}
 l - a potion of poison {unknown}
 r - 4 potions of curing
 u - a potion of flight {unknown}
 z - 2 potions of cure mutation
 A - 2 potions of agility {unknown}
 D - a potion of mutation {unknown}
 G - 2 potions of degeneration {unknown}
Comestibles
 e - 6 bread rations
 j - a slice of pizza
 q - a meat ration
 s - 3 fruits
 E - 6 chunks of flesh
 F - a beef jerky


   Skills:
 + Level 9.2 Fighting
 * Level 11.3 Axes
 + Level 8.4 Armour
 + Level 4.2 Dodging
   Level 2.6 Shields
 - Level 6.0 Invocations


You had 6 spell levels left.
You knew the following spells:

 Your Spells              Type           Power        Failure   Level  Hunger
a - Blink                 Tloc           N/A          100%        2    ###....
b - Repel Missiles        Chrm/Air       #.....       100%        2    ###....


You were on level 4 of the Orcish Mines.
You worshipped Makhleb.
Makhleb was extremely pleased with you.
You were hungry.

You visited 3 branches of the dungeon, and saw 16 of its levels.

You collected 1525 gold pieces.
You spent 280 gold pieces at shops.

#.......)...#
..........#.###.##
#........##.#
##.#......#.# ##
#####...#####
#...#....##.## #.....#.
#⌠.⌠#........#
#........##.∩..#..###.##
##....#.##.⌠.⌠...## ###
##.##.........#.#
###......4..####
##....##@## ##
##o#.##### .
###.##.....#
..#....##o#.###
..........o4#.##
#..............#
#.........4#.##
##........####
#####.####

Notes
Turn   | Place    | Note
--------------------------------------------------------------
     0 | D:1      | ololoev the Demonspawn Fighter began the quest for the Orb.
     0 | D:1      | Reached XP level 1. HP: 18/18 MP: 1/1
   196 | D:4      | Found a bloodstained altar of Trog.
   213 | D:4      | Gained mutation: You regenerate a little health from kills. [demonic ancestry]
   213 | D:4      | Reached XP level 2. HP: 22/24 MP: 2/2
   216 | D:5      | Entered Level 5 of the Dungeon
   275 | D:4      | Gained mutation: When hurt, damage is shared between your health and your magic reserves. [demonic ancestry]
   275 | D:4      | Reached XP level 3. HP: 22/29 MP: 3/3
   355 | D:4      | Gained mutation: You regenerate magic rapidly. [demonic ancestry]
   355 | D:4      | Reached XP level 4. HP: 36/36 MP: 4/4
   410 | D:4      | Noticed an ogre
   418 | D:4      | Killed an ogre
   418 | D:4      | Reached XP level 5. HP: 40/42 MP: 5/5
   456 | D:4      | Reached skill level 4 in Fighting
   495 | D:5      | Noticed a sky beast
   504 | D:5      | Killed a sky beast
   519 | D:5      | Noticed an ice beast
   583 | D:5      | Killed an ice beast
   583 | D:5      | Gained mutation: You regenerate health from kills. [demonic ancestry]
   583 | D:5      | Reached XP level 6. HP: 19/49 MP: 2/6
   793 | D:6      | Noticed a water moccasin
   806 | D:6      | Killed a water moccasin
   830 | D:6      | Reached XP level 7. HP: 45/55 MP: 7/7
   832 | D:6      | Reached skill level 5 in Axes
   836 | D:6      | Reached skill level 5 in Fighting
   903 | D:6      | Found Badilecu's Gadget Shoppe.
   974 | D:6      | Reached skill level 5 in Armour
   979 | D:6      | Reached skill level 6 in Axes
  1170 | D:6      | Gained mutation: You have a pair of small horns on your head. [demonic ancestry]
  1170 | D:6      | Reached XP level 8. HP: 57/63 MP: 8/8
  1237 | D:5      | Found a shattered altar of Ashenzari.
  1423 | D:5      | Noticed an ogre
  1429 | D:5      | Killed an ogre
  1445 | D:5      | Found a staircase to the Ecumenical Temple.
  1449 | Temple   | Entered the Ecumenical Temple
  1453 | Temple   | Became a worshipper of Makhleb the Destroyer
  1577 | D:8      | Noticed a two-headed ogre
  1585 | D:8      | Reached skill level 1 in Invocations
  1585 | D:8      | Killed a two-headed ogre
  1585 | D:8      | Reached skill level 7 in Axes
  1724 | D:7      | Reached XP level 9. HP: 66/71 MP: 11/11
  1795 | D:8      | Found a glowing golden altar of the Shining One.
  1798 | D:8      | Found a basalt altar of Yredelemnul.
  1860 | D:8      | Reached * piety under Makhleb
  1958 | D:9      | Found an ancient bone altar of Kikubaaqudgha.
  1958 | D:9      | Found a glowing silver altar of Zin.
  1993 | D:8      | Found a glowing silver altar of Zin.
  2064 | D:9      | Reached skill level 8 in Axes
  2109 | D:9      | Reached skill level 5 in Invocations
  2180 | D:10     | Entered Level 10 of the Dungeon
  2180 | D:10     | Noticed a yaktaur
  2457 | D:9      | Reached skill level 9 in Axes
  2510 | D:9      | Reached ** piety under Makhleb
  2510 | D:9      | Gained mutation: You have a pair of horns on your head. [demonic ancestry]
  2510 | D:9      | Reached XP level 10. HP: 79/79 MP: 14/14
  2524 | D:9      | Found a deep blue altar of Sif Muna.
  2528 | D:9      | Found a shadowy altar of Dithmenos.
  2755 | D:10     | Got a steaming platinum ring
  2759 | D:10     | Identified the ring "Ludyfo" {rC+ Int+3 Stlth+} (You found it on level 10 of the Dungeon)
  2849 | D:10     | Noticed a centaur zombie
  2858 | D:10     | Killed a centaur zombie
  2900 | D:10     | Reached skill level 1 in Dodging
  2988 | D:10     | Gained mutation: You are robust (+10% HP). [mutagenic meat]
  3071 | D:10     | Reached *** piety under Makhleb
  3116 | D:10     | Noticed Joseph
  3129 | D:10     | Killed Joseph
  3129 | D:10     | Reached skill level 10 in Axes
  3175 | D:10     | Learned a level 2 spell: Blink
  3178 | D:10     | Learned a level 2 spell: Repel Missiles
  3275 | D:11     | Noticed a cyan ugly thing
  3295 | D:11     | Killed a cyan ugly thing
  3583 | D:11     | Reached XP level 11. HP: 95/95 MP: 15/15
  3662 | D:11     | Found a staircase to the Orcish Mines.
  3685 | Orc:1    | Entered Level 1 of the Orcish Mines
  3721 | Orc:1    | Reached **** piety under Makhleb
  3913 | Orc:1    | Reached ***** piety under Makhleb
  4112 | Orc:2    | Found Beashryfa's Weapon Shop.
  4176 | Orc:3    | Found a staircase to the Elven Halls.
  4267 | Orc:2    | Noticed Erolcha
  4294 | Orc:3    | Found a roughly hewn altar of Beogh.
  4407 | Orc:2    | Found a radiant altar of Vehumet.
  4519 | Orc:3    | Reached skill level 11 in Axes
  4662 | Orc:4    | Entered Level 4 of the Orcish Mines
  4662 | Orc:4    | Noticed an ettin
  4671 | Orc:4    | Killed an ettin
  4717 | Orc:4    | Found Asinwa's Antique Weapon Shop.
  4784 | Orc:4    | Found Qireer's Jewellery Shoppe.
  4790 | Orc:4    | Bought an uncursed ring of poison resistance for 280 gold pieces
  4813 | Orc:4    | Found Dudokk Hounu's Jewellery Shoppe.
  4829 | Orc:4    | Noticed an orc high priest
  4837 | Orc:4    | Noticed an orc high priest
  4858 | Orc:4    | Slain by a sixfirhy

Dungeon Overview and Level Annotations

Branches:
Dungeon (11/15)            Temple (1/1) D:5             Orc (4/4) D:11
    Elf (0/3) Orc:3
   Lair: D:8-11

Altars:
Ashenzari
Cheibriados
Dithmenos
Elyvilon
Fedhas
Gozag
Kikubaaqudgha
Makhleb
Okawaru
Qazlal
Sif Muna
Trog
Vehumet
Xom
Yredelemnul
Zin
The Shining One
Beogh

Shops:
D:6 }   Orc:2 (   Orc:4 (==

Annotations:
Orc:2 Erolcha


Message History

Unknown command.
You barely miss the orc knight.
The orc knight is lightly wounded.
The hellwing blocks your attack.
The hellwing's corpse armour sloughs away.
Your hellwing hits the orc knight but does no damage. x2
Your orange demon barely misses the orc knight.
The orc high priest mumbles some strange prayers to Beogh.
The orc knight hits you with a war axe! The orc knight misses your hellwing.
Unknown command.
Unknown command.
Drink which item? (? for menu, Esc to quit)
You feel yourself speed up. The hellwing barely misses you.
The hellwing hits you but does no damage.
Your orange demon stings the orc knight but does no damage.
Your hellwing hits the orc knight but does no damage. x2
The orc warrior hits you from afar with a halberd!!
You are very lightly contaminated with residual magic.
Your orange demon stings the orc knight but does no damage.
The orc knight hits your hellwing with a war axe.
Your hellwing barely misses the orc knight.
Your hellwing hits the orc knight. The sixfirhy hits you.
The sixfirhy shocks you! The sixfirhy hits your hellwing.
The sixfirhy shocks your hellwing! The sixfirhy closely misses you.
The sixfirhy hits your hellwing. The sixfirhy shocks your hellwing!
The sixfirhy hits you but does no damage.
The sixfirhy hits your hellwing.
Your hellwing dies!
Your orange demon stings the orc knight from afar.
Unknown command.
Drink which item? (? for menu, Esc to quit)
Okay, then.
Your orange demon stings the orc knight but does no damage.
Your orange demon barely misses the orc knight.
Your orange demon stings the orc knight but does no damage.
You are feeling hungry.
The sixfirhy hits you but does no damage. x2
The sixfirhy hits you. The sixfirhy shocks you!
You die...

You could see a sixfirhy.

Vanquished Creatures
  An orc knight (Orc:3)
  2 orc sorcerers (Orc:4)
  Joseph (D:10)
  2 trolls
  A two-headed ogre (D:8)
  A boulder beetle (Orc:1)
  A water elemental (D:11)
  A trapdoor spider (D:11)
  2 wyverns (D:10)
  7 yaks
  A deep elf mage (D:10)
  A hungry ghost (D:10)
  A hippogriff (shapeshifter) (D:10)
  A steam dragon (D:11)
  2 wargs (Orc:3)
  3 water moccasins
  2 ice beasts
  A black bear (D:7)
  3 phantoms
  8 ogres
  11 orc warriors
  3 sky beasts
  An eye of draining (D:10)
  A necrophage (D:9)
  A wasp (D:10)
  3 centaurs
  A crocodile (D:9)
  A big kobold (D:10)
  5 giant frogs
  2 scorpions
  3 crimson imps
  18 orc wizards
  2 quasits
  A giant frog zombie (D:7)
  A jelly (D:10)
  2 centaur zombies
  18 orc priests
  2 giant frog skeletons
  4 hounds
  2 iguanas
  A gnoll shaman (Orc:4)
  5 worker ants
  A killer bee zombie (D:7)
  A hound zombie (D:5)
  6 gnolls
  3 shadow imps
  2 adders
  An ooze (D:6)
  2 worms
  4 giant geckos
  128 orcs
  4 hobgoblins
  7 jackals (D:6)
  13 kobolds
  3 quokkas
  A ball python (D:6)
  2 giant cockroaches
  5 giant newts (D:5)
  5 goblins (D:4)
  2 quokka skeletons
320 creatures vanquished.

Vanquished Creatures (collateral kills)
  An ettin (Orc:4)
  An ugly thing (D:11)
  An orc priest (Orc:4)
  A gnoll (Orc:4)
4 creatures vanquished.

Vanquished Creatures (others)
  A kobold (D:10)
1 creature vanquished.

Grand Total: 325 creatures vanquished

Action                   |  1- 3 |  4- 6 |  7- 9 | 10-12 || total
-------------------------+-------+-------+-------+-------++-------
Melee: War axe           |    64 |    85 |   235 |   458 ||   842
Throw: Throwing net      |       |     1 |       |       ||     1
Invok: Lesser Servant of |       |       |       |     7 ||     7
Evoke: Wand              |     2 |       |       |     2 ||     4
  Use: Potion            |       |     2 |     2 |     1 ||     5
       Scroll            |       |       |     8 |     1 ||     9
 Stab: Held in net/web   |       |     2 |       |       ||     2
       Paralysed         |       |       |       |     3 ||     3
  Eat: Chunk             |       |       |     6 |     7 ||    13
       Meat ration       |       |       |       |     1 ||     1

Vault maps used:
D:1:      lordsloth_arrival_two_stooges
D:2:      first_bread, grunt_gozag_statues
D:4:      corexii_shantytown, kennysheep_little_box
D:5:      minmay_temple_entry_glassed_door, basic_altar
D:6:      serial_shops, shop
D:7:      minmay_gold_behind_fungi
D:8:      grunt_temple_overflow_holy_war, lair_0_dummy, basic_altar
D:9:      nicolae_overflow_hidden_temple
D:10:     kennysheep_six_static_rooms, uniq_joseph
D:11:     erik_orc_2, basic_altar, serial_shops, shop
Temple:   nicolae_temple_x_marks_the_god
Orc:1:    rock_pile
Orc:2:    serial_shops, shop, basic_altar, uniq_erolcha
Orc:3:    nicolae_orc_accident_2, nicolae_orc_pool_cavern, minmay_orc_temple_a
Orc:4:    st_orc_elflike, serial_shops, shop, shop_fountains, uniq_donald
